 Dungeon Crawl Stone Soup version 0.28-a0-429-g1448048969 (webtiles) character file.

Game seed: 11667150473202440785

22148 pokeman the Eclecticist (level 12, -1/69 HPs)
             Began as a Deep Elf Hedge Wizard on Sept 10, 2021.
             Was an Elder of Vehumet.
             Slain by a manticore (2 damage)
             ... on level 12 of the Dungeon on Sept 11, 2021.
             The game lasted 00:52:54 (17331 turns).

pokeman the Eclecticist (Deep Elf Hedge Wizard)    Turns: 17331, Time: 00:52:55

Health: -1/69      AC:  7    Str:  7    XL:     12   Next: 60%
Magic:  6/34       EV: 13    Int: 40    God:    Vehumet [****..]
Gold:   592        SH:  5    Dex: 20    Spells: 32/44 levels left

rFire   . . .      SeeInvis .   y - +7 hand axe of Waohuut {freeze, Dex+6}
rCold   . . .      Faith    .   (no shield)
rNeg    . . .      Spirit   .   b - +0 troll leather armour
rPois   +          Reflect  +   c - +0 helmet {Int+3}
rElec   .          Harm     .   (no cloak)
rCorr   .          Rampage  .   Z - +0 pair of gloves
Will    +....                   (no boots)
Stlth   ++........              T - amulet of reflection
HPRegen 1.21/turn               q - +6 ring of intelligence
MPRegen 0.24/turn               K - ring of Ytroen {rPois Int+6}

@: spiked
A: no striking features
a: Renounce Religion


You were on level 12 of the Dungeon.
You worshipped Vehumet.
Vehumet was greatly pleased with you.
You visited 2 branches of the dungeon, and saw 13 of its levels.
You visited 1 bazaar.

You collected 779 gold pieces.
You spent 187 gold pieces at shops.

Inventory:

Hand Weapons
 r - a +0 arbalest
 y - the +7 hand axe of Waohuut (weapon) {freeze, Dex+6}
   (You found it on level 6 of the Dungeon)

   It freezes those it strikes, dealing additional cold damage.
   It can also slow down cold-blooded creatures.
   Dex:       It affects your dexterity (+6).
Missiles
 p - 114 bolts
Armour
 b - a +0 troll leather armour (worn)
 c - a +0 helmet of intelligence (worn)
 l - a +1 leather armour of cold resistance
 I - +0 steam dragon scales
 Z - a +0 pair of gloves (worn)
Magical Staves
 a - a staff of poison
Jewellery
 q - a +6 ring of intelligence (left hand)
 K - the ring of Ytroen (right hand) {rPois Int+6}
   (You found it on level 9 of the Dungeon)

   [ring of poison resistance]

   Int:       It affects your intelligence (+6).
   rPois:     It protects you from poison.
 T - an amulet of reflection (around neck)
Wands
 m - a wand of mindburst (14)
 x - a wand of iceblast (5)
 D - a wand of acid (3)
 M - a wand of digging (7)
Scrolls
 i - a scroll of enchant armour
 v - 2 scrolls of magic mapping
 w - 3 scrolls of silence {unknown}
 G - a scroll of brand weapon {unknown}
 H - a scroll of acquirement {unknown}
 J - a scroll of holy word {unknown}
 O - 2 scrolls of teleportation
 P - a scroll of enchant weapon {unknown}
 S - a scroll of amnesia {unknown}
Potions
 d - 6 potions of heal wounds
 e - 6 potions of curing {unknown}
 f - 4 potions of brilliance {unknown}
 g - 2 potions of mutation {unknown}
 k - a potion of haste {unknown}
 B - 3 potions of attraction {unknown}
 F - a potion of lignification {unknown}
 L - 2 potions of flight {unknown}
 Q - 2 potions of berserk rage {unknown}
 V - a potion of degeneration {unknown}
 Y - a potion of invisibility {unknown}
Miscellaneous
 X - a lightning rod (4/4)


   Skills:
 + Level 5.7 Fighting
 - Level 5.1 Armour
 - Level 3.2 Dodging
 - Level 3.1 Stealth
 * Level 16.7 Spellcasting
 + Level 10.4 Conjurations
 + Level 6.8 Summonings
 - Level 1.1 Translocations
 - Level 7.0 Fire Magic
 - Level 1.0 Air Magic
 - Level 1.1 Earth Magic
 - Level 1.1 Poison Magic
 - Level 3.0 Evocations


You had 32 spell levels left.
You knew the following spells:

 Your Spells              Type           Power      Damage    Failure   Level
a - Magic Dart            Conj           100%       1d8       0%          1
b - Mephitic Cloud        Conj/Pois/Air  61%        N/A       1%          3
c - Call Imp              Summ           73%        N/A       1%          2
d - Blink                 Tloc           N/A        N/A       1%          2
e - Conjure Flame         Conj/Fire      80%        6-21      1%          3
f - Foxfire               Conj/Fire      100%       2x1d9     1%          1

Your spell library contained the following spells:

 Spells                   Type           Power      Damage    Failure   Level
 Freezing Cloud           Conj/Ice/Air   29%        6-21      1%          5
 Animate Skeleton         Necr           66%        N/A       1%          1
 Apportation              Tloc           84%        N/A       1%          1
 Freeze                   Ice            100%       1d11      1%          1
 Pain                     Necr           100%       1d9       1%          1
 Sting                    Tmut/Pois      100%       1d8       1%          1
 Summon Small Mammal      Summ           100%       N/A       1%          1
 Corpse Rot               Necr/Air       N/A        N/A       1%          2
 Poisonous Vapours        Pois/Air       84%        N/A       1%          2
 Slow                     Hex            33%        N/A       1%          2
 Sublimation of Blood     Necr           16%        N/A       1%          2
 Frozen Ramparts          Ice            66%        1d8       1%          3
 Ignite Poison            Fire/Tmut/Pois 53%        N/A       1%          3
 Inner Flame              Hex/Fire       57%        N/A       1%          3
 Hailstorm                Conj/Ice       66%        3d14      1%          4
 Sticky Flame             Conj/Fire      80%        2d9       1%          4
 Irradiate                Conj/Tmut      33%        3d24      1%          5
 Gell's Gravitas          Tloc           21%        N/A       2%          3
 Lesser Beckoning         Tloc           42%        N/A       2%          3
 Teleport Other           Tloc           42%        N/A       2%          3
 Olgreb's Toxic Radiance  Pois           42%        N/A       2%          4
 Petrify                  Tmut/Erth      37%        N/A       10%         4
 Cause Fear               Hex            16%        N/A       12%         4
 Dispel Undead            Necr           33%        3d14      12%         4
 Agony                    Necr           33%        N/A       34%         5
 Excruciating Wounds      Necr           16%        N/A       34%         5
 Metabolic Englaciation   Hex/Ice        16%        N/A       34%         5
 Dispersal                Tloc           21%        N/A       77%         6
 Statue Form              Tmut/Erth      24%        N/A       83%         6
 Death Channel            Necr           16%        N/A       88%         6
 Discord                  Hex            16%        N/A       100%        8
 Disjunction              Tloc           21%        N/A       100%        8


Dungeon Overview and Level Annotations

Branches:
Dungeon (12/15)            Temple (1/1) D:5            Lair (0/6) D:10
    Orc (0/2) D:11

Altars:
Ashenzari
Gozag
Hepliaklqana
Makhleb
Okawaru
Ru
Trog
Vehumet
Wu Jian
The Shining One
Beogh

Annotations:
D:11 exclusion: ice statue


Message History

Unknown command.
Casting: Blink (safe; 1% risk of failure)
Confirm with . or Enter, or press ? or * to list all spells.
You blink.
Unknown command.
Casting: Blink (safe; 1% risk of failure)
Confirm with . or Enter, or press ? or * to list all spells.
Aiming: Mephitic Cloud (safe; 1% risk of failure)
Press: ? - help, Shift-Dir - straight line The ball explodes into a vile cloud!
The stinking cloud engulfs the manticore but does no damage.
The manticore is lightly wounded.
The stinking cloud engulfs the vampire mosquito but does no damage.
The vampire mosquito is almost destroyed.
The manticore is engulfed in noxious fumes.
The manticore appears confused.
The manticore completely misses the vampire mosquito.
The manticore claws the vampire mosquito.
The vampire mosquito is destroyed!
Vehumet accepts your kill.
Unknown command.
Casting: Mephitic Cloud (safe; 1% risk of failure)
Confirm with . or Enter, or press ? or * to list all spells.
You conjure some foxfire!
The manticore is engulfed in noxious fumes.
The manticore bites you! The manticore misses you. x2
Unknown command.
Casting: Foxfire (safe; 1% risk of failure)
Confirm with . or Enter, or press ? or * to list all spells.
You conjure some foxfire!
The foxfire hits the manticore.
The manticore is moderately wounded.
The foxfire hits the manticore.
The manticore is moderately wounded.
The manticore is engulfed in noxious fumes.
The manticore bites you!
* * * LOW HITPOINT WARNING * * *
The manticore claws you!
* * * LOW HITPOINT WARNING * * *
The manticore claws you.
You die...

## #†# ##.
.#################'## #..
5.†..y..............##### #[.
.########...............#####
#.. .#
####........(..?........ #..
§# #........##.○§..........
#.. .#
###..........§☼☼...........#..
.#
#.......)....H§§..............
.#
#...........v@....$...........
y#
#...........v.§.>...#.###.....
J# #...†....#....#...#.##..
##... .# ##..................#
..O ###.
.####..................# C..
## y......................# .#
####............... ...#
#...................#
#............


You could see a manticore (confused, ally target).

Vanquished Creatures
  Snorg (D:10)
  Josephine (D:12)
  Erolcha (D:11)
  A hydra (D:11)
  Erica (D:11)
  A death knight (D:11)
  5 two-headed ogres
  A wizard (D:11)
  A deep elf pyromancer (D:10)
  4 cyclopes
  An ugly thing (D:12)
  A manticore (D:11)
  An elephant (D:10)
  2 unseen horrors (D:10)
  3 yaktaurs
  A troll (D:12)
  Grinder (D:6)
  Prince Ribbit (D:6)
  5 slime creatures
  A shadow (D:10)
  Sigmund (D:6)
  A meliai zombie (D:10)
  A wyvern (D:8)
  A basilisk (D:10)
  4 humans (D:12)
  4 yaks
  6 wraiths
  A steam dragon (D:9)
  3 vampire mosquitoes (D:12)
  Menkaure (D:5)
  Duvessa (D:5)
  A water moccasin (D:6)
  An orc warrior (D:8)
  A hornet zombie (D:7)
  An ice beast (D:7)
  2 black bears
  An ogre (D:5)
  2 necrophages (D:7)
  4 centaurs
  A phantom (D:6)
  Blork the orc (D:5)
  A kobold brigand (D:9)
  A gnoll sergeant (D:6)
  A scorpion (D:4)
  Dowan (D:5)
  A water moccasin zombie (D:6)
  7 killer bees (D:10)
  8 howler monkeys
  11 wights
  3 centaur zombies
  A centaur skeleton (D:6)
  3 jellies
  4 hounds
  5 orc priests
  2 iguanas (D:5)
  4 orc wizards
  A killer bee zombie (D:7)
  A hound zombie (D:5)
  4 gnolls (D:6)
  8 adders
  An ufetubus (D:4)
  An adder skeleton (D:4)
  2 dart slugs
  55 orcs
  3 bats
  4 endoplasms
  2 giant cockroaches
  2 goblins
  6 hobgoblins
  6 kobolds
  A quokka (D:4)
  A ball python (D:4)
  4 frilled lizards (D:1)
  2 rats
  A foxfire (D:11)
231 creatures vanquished.

Vanquished Creatures (collateral kills)
  A two-headed ogre (D:12)
  A worm (D:3)
  2 orcs (D:3)
  A goblin (D:3)
  A ball python (D:3)
6 creatures vanquished.

Vanquished Creatures (others)
  Eustachio (D:6)
  A gnoll (D:6)
  720 foxfires
  9 fungi (D:5)
  3 toadstools (D:2)
734 creatures vanquished.

Grand Total: 971 creatures vanquished

Notes
Turn   | Place    | Note
-------+----------+-------------------------------------------
     0 | D:1      | pokeman the Deep Elf Hedge Wizard began the quest for the
                  | Orb.
     0 | D:1      | Reached XP level 1. HP: 10/10 MP: 7/7
   442 | D:1      | Reached XP level 2. HP: 16/16 MP: 3/9
   491 | D:1      | Found a faded altar of an unknown god.
   917 | D:2      | Found a burning altar of Makhleb.
  1339 | D:2      | Reached skill level 5 in Spellcasting
  1339 | D:2      | Reached XP level 3. HP: 20/20 MP: 3/11
  1343 | D:2      | Learned a level 3 spell: Mephitic Cloud
  1346 | D:2      | Learned a level 2 spell: Call Imp
  1349 | D:2      | Learned a level 2 spell: Blink
  1353 | D:2      | Learned a level 3 spell: Conjure Flame
  1911 | D:3      | Reached skill level 1 in Armour
  2053 | D:3      | Reached skill level 1 in Fighting
  2475 | D:3      | Reached XP level 4. HP: 25/25 MP: 9/13
  3664 | D:4      | Noticed a scorpion
  3882 | D:4      | Reached skill level 1 in Fire Magic
  3935 | D:4      | Killed a scorpion
  3936 | D:4      | Reached skill level 6 in Spellcasting
  3936 | D:4      | Reached XP level 5. HP: 3/29 MP: 0/15
  4359 | D:4      | Reached skill level 1 in Air Magic
  4459 | D:4      | Found an opulent altar of Gozag.
  4510 | D:4      | Found a broken altar of Ashenzari.
  4512 | D:4      | Found a radiant altar of Vehumet.
  4515 | D:4      | Found an iron altar of Okawaru.
  4520 | D:4      | Became a worshipper of Vehumet
  4689 | D:4      | Found an ornate altar of the Wu Jian Council.
  4690 | D:4      | Found a sacrificial altar of Ru.
  4733 | D:5      | Entered Level 5 of the Dungeon
  4798 | D:5      | Noticed an ogre
  4803 | D:5      | Noticed Blork the orc
  4807 | D:5      | Killed an ogre
  4808 | D:5      | Reached skill level 1 in Poison Magic
  4808 | D:5      | Reached XP level 6. HP: 34/34 MP: 6/17
  4811 | D:5      | Killed Blork the orc
  4812 | D:5      | Reached skill level 7 in Spellcasting
  5024 | D:5      | Found a staircase to the Ecumenical Temple.
  5087 | D:5      | Noticed Menkaure
  5098 | D:5      | Killed Menkaure
  5099 | D:5      | Reached skill level 1 in Evocations
  5099 | D:5      | Reached XP level 7. HP: 31/38 MP: 8/20
  5845 | D:5      | Noticed Duvessa
  5845 | D:5      | Noticed Dowan
  5860 | D:5      | Killed Duvessa
  5861 | D:5      | Reached skill level 8 in Spellcasting
  5866 | D:5      | Killed Dowan
  6363 | D:6      | Noticed Eustachio
  6382 | D:6      | Reached XP level 8. HP: 20/44 MP: 4/22
  6387 | D:6      | Killed Eustachio
  6388 | D:6      | Reached skill level 9 in Spellcasting
  6613 | D:6      | Found a bloodstained altar of Trog.
  6676 | D:6      | Noticed Sigmund
  6687 | D:6      | Killed Sigmund
  6989 | D:6      | Reached skill level 5 in Conjurations
  6999 | D:6      | Reached * piety under Vehumet
  6999 | D:6      | Offered knowledge of Foxfire by Vehumet.
  7004 | D:6      | Learned a level 1 spell: Foxfire
  7132 | D:6      | Noticed Prince Ribbit
  7147 | D:6      | Killed Prince Ribbit
  7148 | D:6      | Reached skill level 10 in Spellcasting
  7316 | D:6      | Identified the +7 hand axe of Waohuut {freeze, Dex+6}
  7343 | D:6      | Noticed Grinder
  7670 | D:6      | Found a hazy altar of Hepliaklqana.
  7825 | D:6      | Paralysed by Grinder for 7 turns
  7837 | D:6      | Killed Grinder
  7838 | D:6      | Reached XP level 9. HP: 39/48 MP: 16/25
  8427 | D:7      | Reached skill level 11 in Spellcasting
  9009 | D:8      | Reached ** piety under Vehumet
  9009 | D:8      | Offered knowledge of Sandblast by Vehumet.
  9818 | D:9      | Reached skill level 12 in Spellcasting
  9958 | D:9      | Reached skill level 5 in Fire Magic
  9958 | D:9      | Reached skill level 1 in Earth Magic
  9961 | D:9      | Reached XP level 10. HP: 56/56 MP: 20/28
 10021 | D:9      | Noticed a cyclops
 10031 | D:9      | Killed a cyclops
 10460 | D:9      | Noticed a two-headed ogre
 10478 | D:9      | Killed a two-headed ogre
 10529 | D:9      | Identified the ring of Ytroen {rPois Int+6}
 10641 | D:10     | Entered Level 10 of the Dungeon
 10660 | D:10     | Noticed Snorg
 10710 | D:10     | Found a staircase to the Lair.
 10711 | D:10     | Noticed an elephant
 10731 | D:10     | Killed an elephant
 10732 | D:10     | Reached skill level 13 in Spellcasting
 10868 | D:10     | Found a glowing golden altar of the Shining One.
 10949 | D:10     | Noticed a two-headed ogre
 10961 | D:10     | Killed a two-headed ogre
 11163 | D:10     | Offered knowledge of Dazzling Flash by Vehumet.
 11252 | D:10     | Reached skill level 5 in Summonings
 12006 | D:10     | Reached XP level 11. HP: 41/61 MP: 17/30
 12207 | D:10     | Killed Snorg
 12208 | D:10     | Reached skill level 14 in Spellcasting
 12341 | D:11     | Noticed a six-headed hydra
 12540 | D:11     | Reached *** piety under Vehumet
 12838 | D:11     | Noticed Erolcha
 12874 | D:11     | Killed Erolcha
 13021 | D:11     | Noticed a death knight
 13074 | D:11     | Killed a death knight
 13142 | D:11     | Noticed Erica
 13151 | D:11     | Noticed a deep elf pyromancer
 13278 | D:11     | Offered knowledge of Hailstorm by Vehumet.
 13324 | D:11     | Found a staircase to the Orcish Mines.
 13380 | D:11     | Noticed a two-headed ogre
 13666 | D:10     | Killed a deep elf pyromancer
 13771 | D:11     | Killed a two-headed ogre
 13772 | D:11     | Reached skill level 5 in Armour
 13772 | D:11     | Reached skill level 15 in Spellcasting
 13801 | D:11     | Killed Erica
 13862 | D:11     | Noticed a two-headed ogre
 13877 | D:11     | Killed a two-headed ogre
 14335 | D:11     | Noticed a wizard
 14348 | D:11     | Killed a wizard
 14420 | D:11     | Killed a six-headed hydra
 14421 | D:11     | Reached XP level 12. HP: 67/67 MP: 31/33
 14766 | Temple   | Entered the Ecumenical Temple
 15024 | D:11     | Noticed a two-headed ogre
 15036 | D:11     | Killed a two-headed ogre
 15754 | D:12     | Noticed Josephine
 15754 | D:12     | Found a gateway to a bazaar.
 15766 | Bazaar   | Entered a bazaar
 15941 | Bazaar   | Found Weonamopa's General Store.
 15945 | Bazaar   | Bought a scroll of magic mapping for 42 gold pieces
 15945 | Bazaar   | Bought a scroll of noise for 12 gold pieces
 15945 | Bazaar   | Found Aprenas's Book Boutique.
 15945 | Bazaar   | Found Xuttyram's Armour Boutique.
 15946 | Bazaar   | Found Kieps's Magic Scroll Boutique.
 15951 | Bazaar   | Bought a scroll of teleportation for 30 gold pieces
 15961 | Bazaar   | Bought a +0 helmet of intelligence for 103 gold pieces
 16007 | D:12     | Reached skill level 5 in Fighting
 16009 | D:12     | Killed Josephine
 16010 | D:12     | Reached skill level 16 in Spellcasting
 16045 | D:12     | Reached skill level 10 in Conjurations
 16570 | D:12     | HP: 3/68 [troll (11)]
 17145 | D:12     | Noticed a two-headed ogre
 17165 | D:12     | Killed a two-headed ogre
 17259 | D:12     | Reached **** piety under Vehumet
 17301 | D:12     | Offered knowledge of Freezing Cloud by Vehumet.
 17331 | D:12     | HP: 1/69 [manticore (11)]
 17331 | D:12     | Slain by a manticore

Illustrated notes

Levels and vault maps discovered:
D:1:      dpeg_arrival_pond, layout_basic, basic_ecumenical_altar,
          chequers_serial_rivers_small_3
D:2:      layout_rooms, serial_forest, infiniplex_forest_lined_room_2,
          infiniplex_forest_diagonal, infiniplex_forest_lined_4_way,
          infiniplex_forest_clump_curved, infiniplex_forest_clump_small,
          infiniplex_forest_lined_1, basic_altar, minmay_gold_behind_fungi,
          minmay_crystal_water, minmay_misc_feat_columns
D:3:      layout_basic, minmay_door_square
D:4:      layout_cave_pools, grunt_temple_overflow_open, amcnicky_altar_gilded,
          gammafunk_temple_overflow_statue
D:5:      layout_basic, minmay_temple_entry_arrows, serial_aquarium,
          aquarium_bridge_square [aquarium_subvault_bridge,
          aquarium_subvault_bridge, aquarium_subvault_bridge,
          aquarium_subvault_window], aquarium_bridge_square
          [aquarium_subvault_bridge, aquarium_subvault_wall,
          aquarium_subvault_wall, aquarium_subvault_bridge],
          aquarium_window_corridor_3, aquarium_window_1, aquarium_view_2e,
          aquarium_view_2a, uniq_menkaure, uniq_duvessa, uniq_blork_the_orc
D:6:      layout_loops_ring, mainiacjoe_overflow_six_doors_small,
          mainiacjoe_overflow_concentric_impassable, uniq_grinder, uniq_sigmund,
          uniq_prince_ribbit1, uniq_eustachio
D:7:      layout_cave_pods, hangedman_decor_riveting
D:8:      layout_rooms
D:9:      layout_roguey
D:10:     layout_basic, tso_metal_star, david_lair_generic, eino_jars,
          uniq_snorg
D:11:     minmay_tri_box, layout_cave_pools, david_orc_5, minivault_16,
          uniq_erolcha, uniq_erica
D:12:     minmay_the_grid_triangle_9x9_rhombus_full
          [minmay_the_grid_triangle_9x9_shrine,
          minmay_the_grid_triangle_9x9_descending_squares,
          minmay_the_grid_triangle_9x9_pentomino_pain,
          minmay_the_grid_triangle_9x9_corrupted_corridor,
          minmay_the_grid_triangle_9x9_flanged_cone,
          minmay_the_grid_triangle_9x9_corruption,
          minmay_the_grid_triangle_9x9_odd_lines,
          minmay_the_grid_triangle_9x9_prize_schism], layout_basic,
          serial_shops, bzr_entry_customers, minmay_quadrilaterals, uniq_azrael,
          uniq_josephine
Temple:   oiseaux_autumnal_temple

Skill      XL: |  1  2  3  4  5  6  7  8  9 10 11 12 |
---------------+-------------------------------------+-----
Spellcasting   | 5 6 7 8 10 12 13 15 16 | 16.7
Armour         | 1 3 4 5 |  5.1
Fighting       | 1 2 3 4 5 |  5.7
Conjurations   | 2 3 4 5 7 8 9 10 | 10.4
Fire Magic     | 1 2 3 5 6 7 |  7.0
Dodging        | 3 |  3.2
Air Magic      | 1 |  1.0
Stealth        | 3 |  3.1
Poison Magic   | 1 |  1.1
Evocations     | 1 2 3 |  3.0
Summonings     | 3 5 6 |  6.8
Earth Magic    | 1 |  1.1
Translocations | |  1.1

Action                   |  1- 3 |  4- 6 |  7- 9 | 10-12 || total
-------------------------+-------+-------+-------+-------++-------
Melee: Hand axe          |     9 |    14 |    26 |    62 ||   111
       Falchion          |       |    40 |    31 |       ||    71
       Short sword       |       |       |     3 |       ||     3
 Fire: Arbalest          |       |       |     7 |    64 ||    71
 Cast: Magic Dart        |    94 |    71 |    63 |     2 ||   230
       Call Imp          |     1 |     6 |     2 |    13 ||    22
       Conjure Flame     |     1 |     3 |    24 |    98 ||   126
       Mephitic Cloud    |       |     7 |    18 |    51 ||    76
       Blink             |       |       |     2 |    17 ||    19
       Foxfire           |       |       |   106 |   293 ||   399
Evoke: Wand              |       |       |       |     5 ||     5
  Use: Scroll            |       |       |       |     6 ||     6
 Stab: Sleeping          |     1 |       |       |       ||     1
       Confused          |       |     6 |    10 |     8 ||    24
Armor: Robe              |     5 |       |       |       ||     5
       Leather armour    |     1 |     7 |    14 |     1 ||    23
       Steam dragon scal |       |       |       |    40 ||    40
       Troll leather arm |       |       |       |     6 ||     6
Dodge: Dodged            |    26 |    39 |    34 |    99 ||   198
Block: Other             |       |       |       |    15 ||    15
       Reflection        |       |       |       |     1 ||     1

Table legend: (Time is in decaauts)
 A = Elapsed time spent in this place.
 B = Non-inter-level travel time spent in this place.
 C = Inter-level travel time spent in this place.
 D = Time resting spent in this place.
 E = Time spent auto-exploring this place.
 F = Levels seen in this place.
 G = Mean time per level.
                   A        B        C        D        E       F      G
               +--------+--------+--------+--------+--------+-----+--------+
         Total |  17482 |  16688 |    794 |   1912 |  11803 |  14 | 1248.7 |
       Dungeon |  17221 |  16430 |    791 |   1912 |  11597 |  12 | 1435.1 |
        Temple |     36 |     34 |      2 |      0 |      0 |   1 |   36.0 |
        Bazaar |    224 |    224 |      0 |      0 |    206 |   1 |  224.0 |
               +--------+--------+--------+--------+--------+-----+--------+

Top non-repeatable levels by time:
    D:11: 2660 daAuts
    D:10: 2273 daAuts
     D:6: 1830 daAuts
     D:3: 1747 daAuts
     D:5: 1436 daAuts
    D:12: 1409 daAuts
     D:4: 1164 daAuts
     D:9: 1112 daAuts
     D:7: 1062 daAuts
     D:1: 954 daAuts
     D:2: 884 daAuts
     D:8: 685 daAuts
  Bazaar: 224 daAuts
  Temple: 36 daAuts
